Map: World of Sleepers LE

Players

LawdHelpMe

  • Race: Terran Terran
  • League: Platinum
  • Spawn Location: 7:00

ViBE - Winner!

  • Race: Zerg Zerg
  • League: Platinum
  • Spawn Location: 1:00

VOD

Have the link to the VOD?

Description

Time

  • Played on: Dec. 12, 2019, 10 p.m.
  • Length: 10:41
Show
View Real Time Build Order
Export as new Build Order

LawdHelpMe Terran 

Build Orders:  

Get SALT Encoding   

  12  0:01  SCV  
  13  0:13  SCV  
  14  0:17  Supply Depot  
  14  0:25  SCV  
  15  0:38  SCV  
  15  0:40  Barracks  
  16  0:46  Refinery  
  16  0:51  SCV  
  17  1:03  SCV  
  18  1:15  SCV, Refinery  
  19  1:27  Supply Depot, Orbital Command  
  19  1:31  Reaper  
  20  1:53  SCV  
  21  2:01  Factory  
  21  2:03  Marine  
  21  2:05  SCV  
  23  2:18  SCV  
  23  2:21  Marine  
  25  2:26  Command Center  
  25  2:30  SCV  
  26  2:42  SCV  
  27  2:46  Factory Tech Lab  
  27  2:48  Starport  
  27  2:49  Barracks Tech Lab  
  27  2:54  SCV  
  28  3:06  SCV  
  29  3:17  Supply Depot  
  29  3:18  SCV  
  30  3:30  SCV  
  30  3:33  Fusion Core  
  31  3:36  Barracks Reactor  
  31  3:38  Siege Tank  
  34  3:56  Bunker  
  34  4:02  Orbital Command  
  34  4:07  Barracks  
  34  4:11  Refinery  
  34  4:12  Refinery  
  34  4:15  Siege Tank  
  37  4:28  Marine x2  
  39  4:32  Engineering Bay  
  39  4:41  Battlecruiser  
  39  4:43  SCV  
  39  4:44  SCV  
  47  4:57  SCV  
  47  4:58  SCV  
  47  4:59  Barracks Reactor  
  49  5:01  Barracks  
  49  5:03  Terran Infantry Weapons Level 1  
  49  5:09  SCV  
  50  5:20  SCV  
  51  5:22  SCV  
  51  5:33  Siege Tank  
  54  5:40  Marine x2, SCV  
  57  5:44  SCV  
  57  5:47  Supply Depot  
  57  5:48  Supply Depot  
  58  5:51  Command Center  
  58  5:53  SCV  
  58  5:55  Barracks Tech Lab  
  59  5:59  Starport  
  59  6:18  Stimpack  
  59  6:20  Marine x3  
  59  6:23  Battlecruiser  
  59  6:25  Siege Tank  
  71  6:26  SCV x2  
  71  6:30  Supply Depot  
  73  6:38  SCV  
  74  6:44  SCV  
  74  6:45  Armory  
  75  6:50  SCV  
  76  6:54  Supply Depot  
  76  6:56  SCV  
  76  6:59  Marine x4  
  81  7:02  SCV, Starport Reactor  
  81  7:03  Terran Infantry Armor Level 1  
  82  7:08  SCV  
  83  7:26  Bunker  
  83  7:29  Orbital Command  
  83  7:30  SCV x2  
  83  7:36  Factory  
  85  7:39  Barracks  
  85  7:42  Marine x5, SCV x2  
  85  7:43  Siege Tank  
  95  7:45  Medivac  
  95  7:46  Medivac  
  99  7:54  SCV x2  
  101  8:08  Refinery  
  101  8:11  Marine x4  
  105  8:30  Barracks Reactor  
  105  8:31  Factory Tech Lab  
  105  8:33  Marine x2, Engineering Bay  
  105  8:34  Marine x2  
  108  8:39  Supply Depot  
  109  8:53  Sensor Tower  
  109  8:55  Combat Shield  
  109  9:00  Marine x3, SCV x2  
  109  9:01  Supply Depot  
  114  9:06  Marine, Siege Tank  
  114  9:07  Marine x2  
  120  9:11  SCV  
  120  9:13  SCV  
  120  9:14  Supply Depot  
  122  9:17  SCV  
  122  9:20  Refinery  
  122  9:23  SCV  
  124  9:24  Supply Depot  
  124  9:33  Marine  
  124  9:36  Supply Depot  
  124  9:37  SCV x2  
  127  9:44  Marine x3  
  127  9:45  Siege Tank x2  
  136  9:46  Medivac x2  
  136  9:57  Marine x3  
  107  10:08  Marine x2  
  86  10:18  Hellion  
Show
View Real Time Build Order
Export as new Build Order

ViBE Zerg - Winner!

Build Orders: Hatch First 

Get SALT Encoding   

  12  0:01  Drone  
  13  0:13  Overlord  
  13  0:19  Drone  
  14  0:31  Drone x2  
  14  0:35  Drone  
  17  0:52  Hatchery  
  17  0:56  Drone  
  17  1:00  Drone  
  18  1:16  Spawning Pool  
  18  1:17  Drone  
  18  1:19  Drone  
  19  1:29  Drone  
  19  1:32  Extractor  
  19  1:44  Drone  
  20  1:57  Overlord  
  20  2:04  Queen  
  20  2:05  Queen  
  20  2:08  Zergling x4  
  26  2:16  Drone x2  
  28  2:23  Drone  
  28  2:26  Drone  
  30  2:41  Drone  
  30  2:42  Drone  
  31  2:45  Lair, Queen  
  31  2:47  Overlord  
  33  2:53  Drone  
  34  3:03  Drone  
  34  3:04  Drone  
  36  3:07  Hatchery  
  36  3:12  Overlord  
  35  3:14  Drone x2  
  35  3:15  Drone  
  35  3:17  Drone  
  39  3:20  Drone  
  40  3:36  Overlord  
  40  3:42  Drone x4  
  40  3:43  Roach Warren  
  43  3:48  Drone  
  43  3:49  Drone  
  43  3:53  Drone  
  43  3:54  Drone x2  
  43  3:55  Queen  
  50  4:05  Evolution Chamber  
  49  4:11  Drone  
  49  4:12  Drone x4  
  54  4:20  Evolution Chamber  
  54  4:22  Extractor  
  54  4:23  Extractor  
  51  4:26  Drone x5  
  51  4:27  Drone x4  
  60  4:38  Spore Crawler  
  59  4:42  Spore Crawler  
  58  4:46  Overlord x5  
  58  4:48  Glial Reconstitution  
  58  4:56  Spore Crawler  
  58  4:58  Overlord x3  
  57  5:05  Roach x3  
  63  5:15  Roach x4  
  63  5:16  Roach  
  73  5:31  Drone  
  73  5:32  Drone x7  
  81  5:41  Overlord  
  81  5:45  Hatchery  
  81  5:49  Drone x2  
  86  5:50  Extractor x2, Drone x5  
  85  5:57  Extractor  
  85  6:01  Hydralisk Den  
  83  6:04  Drone x2  
  83  6:05  Drone  
  84  6:16  Drone x3  
  84  6:17  Drone x3  
  89  6:33  Hatchery  
  89  6:37  Drone x11  
  89  6:38  Drone x2  
  101  6:51  Drone x3  
  104  6:57  Grooved Spines  
  104  6:59  Zerg Ground Armor Level 1, Zerg Missile Weapons Level 1  
  104  7:11  Infestation Pit  
  104  7:13  Drone x9  
  112  7:17  Extractor  
  112  7:21  Hydralisk x4  
  119  7:26  Spore Crawler, Hatchery  
  119  7:29  Hydralisk  
  117  7:30  Hydralisk  
  117  7:32  Overlord x4  
  117  7:33  Overlord  
  121  7:49  Hydralisk x5  
  131  7:51  Overlord x4  
  131  7:56  Hive  
  131  8:01  Hydralisk x5  
  141  8:09  Muscular Augments  
  141  8:12  Hydralisk x6  
  143  8:18  Hydralisk x4  
  143  8:19  Hydralisk  
  159  8:26  Hydralisk x4  
  167  8:51  Overlord x2  
  167  8:54  Drone x4  
  167  8:55  Drone, Hydralisk x8  
  172  8:57  Overlord x2  
  172  8:58  Hydralisk  
  172  8:59  Spire  
  189  9:17  Spore Crawler  
  188  9:19  Extractor, Drone x2  
  188  9:20  Drone  
  188  9:21  Extractor  
  189  9:24  Hydralisk  
  189  9:25  Hydralisk x5  
  193  9:54  Hydralisk x6  
  193  9:56  Hydralisk  
  193  9:58  Hydralisk x2  
  199  10:00  Hydralisk  
  199  10:01  Hydralisk  
  199  10:03  Hydralisk  
  199  10:09  Drone  
  186  10:22  Spore Crawler  
  186  10:23  Drone x3  
  186  10:24  Drone x3  
Tags
 
Matchup
TvZ
Replay Pack
Zerg
Spawn Locations
Cross Positions
Add a new tag
Caveats
  • Supply blocks, unpowered buildings, or Contaminate may cause inaccurate times.
  • Supply counts are checked every 10 seconds.